 Dungeon Crawl Stone Soup version 0.28-a0-10-g964c8b829e (webtiles) character file.

Game seed: 13996695638406882742

7653 pkoi the Grappler (level 10, 0/86 HPs)
             Began as a White Draconian Monk on July 26, 2021.
             Was an Elder of Dithmenos.
             Succumbed to a green ugly thing's poison
             ... on level 10 of the Dungeon.
             The game lasted 00:20:55 (13040 turns).

pkoi the Grappler (White Draconian Monk)           Turns: 13040, Time: 00:20:55

Health: 0/86       AC: 10    Str: 21    XL:     10   Next: 99%
Magic:  16/16      EV: 14    Int: 12    God:    Dithmenos [****..]
Gold:   797        SH:  0    Dex: 14    Spells: 11/17 levels left

rFire   . . .      SeeInvis .     - Unarmed
rCold   + . .      Faith    .   (no shield)
rNeg    . . .      Spirit   .   (armour unavailable)
rPois   .          Reflect  .   (helmet restricted)
rElec   .          Harm     .   (no cloak)
rCorr   .          Rampage  .   (no gloves)
Will    .....                   e - +2 pair of boots {Fly}
Stlth   +++.......              o - amulet of regeneration
HPRegen 1.24/turn               v - +4 ring of slaying
MPRegen 0.15/turn               r - +6 ring of strength

@: lethally poisoned (0 -> -17), short of breath, flying, hasted, wreathed by
umbra, very quick
A: breathe frost, AC +7, unfitting armour, cold resistance 1, cold-blooded
a: Breathe Frost, Renounce Religion, Shadow Step


You were on level 10 of the Dungeon.
You worshipped Dithmenos.
Dithmenos was greatly pleased with you.
You visited 2 branches of the dungeon, and saw 13 of its levels.

You collected 797 gold pieces.

Inventory:

Missiles
 d - 40 poisoned darts (quivered)
 k - a curare-tipped dart
 q - 7 atropa-tipped darts
 F - a throwing net
Armour
 e - a +2 pair of boots of flying (worn)
Jewellery
 a - a ring of protection from fire
 b - a ring of positive energy
 f - a +6 ring of dexterity
 o - an amulet of regeneration (around neck)
 r - a +6 ring of strength (right hand)
 v - a +4 ring of slaying (left hand)
 w - an amulet of the acrobat
 z - a +4 ring of evasion
 B - an amulet of magic regeneration
Wands
 c - a wand of flame (54)
 n - a wand of iceblast (22)
 s - a wand of paralysis (6)
 u - a wand of digging (7)
Scrolls
 g - a scroll of amnesia
 h - 5 scrolls of enchant weapon
 j - 5 scrolls of teleportation
 m - 4 scrolls of enchant armour
 p - a scroll of fear
 t - a scroll of silence
 x - 2 scrolls of fog
 y - 2 scrolls of identify
 E - 2 scrolls of magic mapping
Potions
 l - 3 potions of curing
 A - 2 potions of might
 C - a potion of resistance


   Skills:
 - Level 7.3 Fighting
 - Level 6.1 Dodging
 - Level 1.7 Stealth
 + Level 11.5 Unarmed Combat
 - Level 4.0 Spellcasting
 + Level 4.4 Transmutations
 + Level 5.4 Ice Magic
 - Level 2.0 Earth Magic
 - Level 4.1 Evocations


You had 11 spell levels left.
You knew the following spells:

 Your Spells              Type           Power      Damage    Failure   Level
a - Passwall              Tmut/Erth      8%         N/A       9%          2
b - Ice Form              Ice/Tmut       14%        N/A       28%         4

Your spell library contained the following spells:

 Spells                   Type           Power      Damage    Failure   Level
 Wereblood                Tmut           13%        N/A       5%          2
 Frozen Ramparts          Ice            30%        1d5       7%          3
 Sandblast                Erth           14%        2d6       10%         1
 Sublimation of Blood     Necr           1%         N/A       32%         2
 Summon Ice Beast         Ice/Summ       8%         N/A       58%         4
 Lee's Rapid Deconstruct  Erth           3%         3d6*      95%         5
 Malign Gateway           Summ/Tloc      1%         N/A       100%        7
 Summon Hydra             Summ           1%         N/A       100%        7
 Summon Horrible Things   Summ           1%         N/A       100%        8


Dungeon Overview and Level Annotations

Branches:
Dungeon (12/15)            Temple (1/1) D:5             Orc (0/2) D:9
   Lair: D:8-11

Altars:
Ashenzari
Cheibriados
Dithmenos
Elyvilon
Gozag
Hepliaklqana
Kikubaaqudgha
Makhleb
Nemelex Xobeh
Okawaru
Qazlal
Ru
Sif Muna
Trog
Uskayaw
Vehumet
Wu Jian
Xom
Yredelemnul
Zin
The Shining One

Shops:
D:3 (   D:10 *

Annotations:
D:5 2 transporters
D:6 3 runed translucent doors, Nausicaa's ghost, weakling TrDe
D:7 Harold
D:10 Psyche


Innate Abilities, Weirdness & Mutations

You can breathe waves of freezing cold which knock back foes.
Your icy white scales are hard. (AC +7)
You cannot fit into any form of body armour.
Your flesh is cold resistant. (rC+)
You are cold-blooded and may be slowed by cold attacks.


Message History

The freezing breath misses the green ugly thing.
You feel extremely sick. The green ugly thing claws you.
Unknown command.
You barely miss the green ugly thing.
The green ugly thing is almost dead.
You feel extremely sick.
The green ugly thing claws you but does no damage.
You completely miss the green ugly thing.
The green ugly thing is almost dead.
Your shadow hits the green ugly thing.
* * * LOW HITPOINT WARNING * * *
You feel extremely sick.
Unknown command.
You completely miss the green ugly thing.
Your tail-slap misses the green ugly thing.
The green ugly thing is almost dead.
* * * LOW HITPOINT WARNING * * *
You feel very sick. The green ugly thing claws you!
* * * LOW HITPOINT WARNING * * *
You are more poisoned.
The green ugly thing poisons you!
Unknown command.
You feel better. The green ugly thing claws you.
* * * LOW HITPOINT WARNING * * *
You are lethally poisoned!
The green ugly thing poisons you!
Unknown command.
You feel better. The green ugly thing claws you.
* * * LOW HITPOINT WARNING * * *
You are lethally poisoned!
The green ugly thing poisons you!
Okay, then.
Unknown command.
You feel yourself speed up.
* * * LOW HITPOINT WARNING * * *
You feel extremely sick.
The green ugly thing claws you but does no damage.
You die...

..!...# +........# ......#
#........# ......#
#........# ......# #
#........# ......##.#
#........# ......(..#
#.....<..# ......##.##
#........#
......##..###....[...+..
.#######.#.##...@.......#
.# ####.###.###.#####....>
+###...##.##.##u..###...#(
....##...##.......# ....
...##..#..##......# ....
..##..###..##.....# ...
.##..##h##..##....####
##..##|.u##..##......#
.##..##...##..##..##...


You could see 2 ugly things.

Vanquished Creatures
  A two-headed ogre (D:9)
  Pikel (D:7)
  An ugly thing (D:12)
  Prince Ribbit (D:6)
  7 slime creatures (D:12)
  2 hornets
  A vampire (D:12)
  2 wraiths (D:12)
  3 yaks
  2 steam dragons
  Edmund (D:3)
  Duvessa (D:7)
  4 orc warriors (D:9)
  A sky beast (D:6)
  3 ogres
  2 centaurs
  2 lemures (D:7)
  3 kobold brigands
  2 scorpions (D:4)
  A bullfrog (D:6)
  A gnoll sergeant (D:8)
  Dowan (D:7)
  6 killer bees
  3 wights (D:7)
  4 howler monkeys
  A jelly (D:5)
  7 hounds
  A bullfrog skeleton (D:6)
  3 orc priests (D:9)
  A centaur skeleton (D:7)
  Ijyb (D:3)
  An iguana (D:5)
  7 orc wizards
  A killer bee zombie (D:6)
  9 gnolls
  A river rat (D:3)
  10 adders
  3 howler monkey skeletons (D:7)
  A white imp (D:6)
  A howler monkey simulacrum (D:10)
  2 ufetubi
  2 adder skeletons
  6 worms
  3 dart slugs
  38 orcs
  12 endoplasms
  4 giant cockroaches
  10 goblins
  6 hobgoblins
  10 jackals
  5 quokkas
  6 ball pythons
  5 bats
  4 frilled lizards
  22 kobolds
  7 rats
246 creatures vanquished.

Vanquished Creatures (others)
  An orc wizard (D:9)
  3 kobolds (D:8)
4 creatures vanquished.

Grand Total: 250 creatures vanquished

Notes
Turn   | Place    | Note
-------+----------+-------------------------------------------
     0 | D:1      | pkoi the Draconian Monk began the quest for the Orb.
     0 | D:1      | Reached XP level 1. HP: 19/19 MP: 1/1
   128 | D:1      | Reached XP level 2. HP: 21/26 MP: 2/2
   263 | D:1      | Found a faded altar of an unknown god.
   548 | D:1      | Reached skill level 4 in Unarmed Combat
   877 | D:1      | Reached XP level 3. HP: 27/31 MP: 3/3
  2373 | D:3      | Found Holuopn's Antique Weapon Boutique.
  2431 | D:3      | Reached XP level 4. HP: 38/38 MP: 4/4
  2462 | D:3      | Reached skill level 5 in Unarmed Combat
  2525 | D:3      | Reached XP level 5. HP: 8/45 MP: 5/5
  2549 | D:3      | Reached skill level 6 in Unarmed Combat
  3308 | D:3      | Noticed Ijyb
  3324 | D:3      | Killed Ijyb
  3818 | D:3      | Reached XP level 6. HP: 51/51 MP: 6/6
  4078 | D:4      | Noticed Edmund
  4418 | D:4      | Reached skill level 7 in Unarmed Combat
  5164 | D:5      | Entered Level 5 of the Dungeon
  5247 | D:4      | Reached skill level 8 in Unarmed Combat
  5546 | D:5      | Your scales start taking on an icy white colour.
  5546 | D:5      | Reached XP level 7. HP: 57/57 MP: 7/7
  5546 | D:5      | Gained mutation: Your flesh is cold resistant. (rC+) [White
                  | Draconian growth]
  5765 | D:5      | Found a shadowy altar of Dithmenos.
  6019 | D:5      | Reached skill level 9 in Unarmed Combat
  6062 | D:5      | Found a shimmering blue altar of Sif Muna.
  6077 | D:5      | Found a transporter.
  6108 | D:5      | Found a transporter.
  6518 | D:6      | Reached XP level 8. HP: 57/66 MP: 8/8
  6885 | D:6      | Found a runed translucent gate.
  6885 | D:6      | Found a runed translucent gate.
  6887 | D:6      | Found an opulent altar of Gozag.
  6887 | D:6      | Found a runed translucent gate.
  6887 | D:6      | Noticed a troll
  6890 | D:6      | Noticed a two-headed ogre
  6890 | D:6      | Noticed Nausicaa's ghost (weakling TrDe)
  7054 | D:6      | Noticed Prince Ribbit
  7087 | D:6      | Killed Prince Ribbit
  7088 | D:6      | Reached skill level 5 in Fighting
  7392 | D:6      | Found a sparkling altar of Nemelex Xobeh.
  7992 | D:5      | Found a staircase to the Ecumenical Temple.
  8002 | Temple   | Entered the Ecumenical Temple
  8222 | D:5      | Became a worshipper of Dithmenos the Shadowed
  8222 | D:5      | Reached * piety under Dithmenos
  8222 | D:5      | Reached ** piety under Dithmenos
  8367 | D:7      | Noticed Duvessa
  8370 | D:7      | Noticed Dowan
  8371 | D:7      | Killed Duvessa
  8372 | D:7      | Reached skill level 1 in Evocations
  8383 | D:7      | Killed Dowan
  8544 | D:7      | Noticed Pikel
  8561 | D:7      | Killed Pikel
  8562 | D:7      | Reached skill level 5 in Dodging
  8562 | D:7      | Reached skill level 10 in Unarmed Combat
  8562 | D:7      | Reached XP level 9. HP: 61/75 MP: 9/9
  8879 | D:7      | Noticed Harold
  9009 | D:3      | Killed Edmund
  9572 | D:8      | Paralysed by a hornet for 3 turns
  9579 | D:8      | Paralysed by a hornet for 1 turns
  9782 | D:7      | Learned a level 2 spell: Passwall
  9787 | D:7      | Learned a level 4 spell: Ice Form
 10221 | D:8      | Reached skill level 1 in Ice Magic
 10238 | D:8      | Reached skill level 1 in Earth Magic
 10780 | D:9      | Found a snail-covered altar of Cheibriados.
 10999 | D:8      | Reached skill level 1 in Transmutations
 11000 | D:8      | Reached *** piety under Dithmenos
 11001 | D:8      | Reached skill level 1 in Spellcasting
 11100 | D:9      | Reached XP level 10. HP: 73/86 MP: 11/11
 11279 | D:9      | Noticed a two-headed ogre
 11286 | D:9      | Killed a two-headed ogre
 11489 | D:9      | Reached skill level 11 in Unarmed Combat
 11608 | D:9      | Found a staircase to the Orcish Mines.
 11734 | D:9      | You are sucked into a shaft and drop 3 floors!
 11833 | D:12     | HP: 4/86 [slime creature (8)]
 11941 | D:12     | HP: 3/86 [something (6)]
 12070 | D:12     | Noticed a cyan ugly thing
 12090 | D:12     | Killed a cyan ugly thing
 12092 | D:12     | Reached **** piety under Dithmenos
 12093 | D:12     | Reached skill level 5 in Ice Magic
 12463 | D:10     | Entered Level 10 of the Dungeon
 12463 | D:10     | Found Vagygg's General Store.
 12463 | D:10     | Noticed Psyche
 12999 | D:10     | Noticed a green ugly thing
 13004 | D:10     | Noticed a green ugly thing
 13039 | D:10     | HP: 4/86 [poisoned by a green ugly thing]
 13040 | D:10     | Succumbed to a green ugly thing's poison

Illustrated notes

Levels and vault maps discovered:
D:1:      denvon_arrival_hothouse, layout_loops_ring,
          shapermc_ecumenical_altar_pompeii
D:2:      layout_basic, eino_tiny_chamber
D:3:      kennysheep_goblin_castle, layout_basic, serial_shops,
          nicolae_shop_statue_plus, lightli_sewer_entry_pipes,
          grunt_ministairs_8, st_stairs_6, minmay_misc_feat_roman
D:4:      layout_basic, uniq_edmund
D:5:      gammafunk_steamed_eel, layout_gridville,
          mainiacjoe_overflow_tiny_flanked, mainiacjoe_overflow_surrounded_room,
          minmay_temple_entry_from_below_b, kennysheep_generic_room_14
D:6:      layout_cave_pods, nemelex_dance_club_becter, ebering_ghost_gozag,
          uniq_prince_ribbit1
D:7:      layout_loops_ring, chequers_serial_rivers_large_b, uniq_pikel,
          uniq_duvessa, uniq_harold
D:8:      layout_layer_cave
D:9:      layout_layer_cave, cheibriados_altar_1, david_orc_4,
          hangedman_decor_points
D:10:     layout_roguey, nicolae_overflow_hidden_temple, st_stairs_14,
          nicolae_stop_n_shop_1, minmay_diamond_spiral, uniq_psyche
D:11:     layout_long_grid, lair_entry_dummy
D:12:     layout_long_grid
Temple:   kb_temple_of_zot

Skill      XL: |  1  2  3  4  5  6  7  8  9 10 |
---------------+-------------------------------+-----
Unarmed Combat | 4 5 6 8 9 10 11 | 11.5
Dodging        | 3 5 6 |  6.1
Fighting       | 4 6 7 |  7.3
Evocations     | 2 4 |  4.1
Ice Magic      | 1 5 |  5.4
Earth Magic    | 1 2 |  2.0
Transmutations | 1 4 |  4.4
Spellcasting   | 1 4 |  4.0
Stealth        | |  1.7

Action                   |  1- 3 |  4- 6 |  7- 9 | 10-12 || total
-------------------------+-------+-------+-------+-------++-------
Melee: Unarmed           |   174 |   232 |   301 |   207 ||   914
       Tailslap          |    13 |    25 |    38 |    41 ||   117
       Punch             |     2 |     4 |    10 |    17 ||    33
Throw: Dart              |       |       |    16 |    12 ||    28
 Abil: Breathe Frost     |       |       |     1 |     3 ||     4
Evoke: Wand              |       |       |     1 |     3 ||     4
  Use: Scroll            |     6 |     2 |    13 |     1 ||    22
       Potion            |       |     2 |       |     7 ||     9
 Stab: Sleeping          |     8 |     5 |     5 |       ||    18
       Distracted        |       |       |     1 |       ||     1
Armor: Skin              |    43 |    86 |    88 |    56 ||   273
Dodge: Dodged            |   117 |   172 |   221 |   122 ||   632

Table legend: (Time is in decaauts)
 A = Elapsed time spent in this place.
 B = Non-inter-level travel time spent in this place.
 C = Inter-level travel time spent in this place.
 D = Time resting spent in this place.
 E = Time spent auto-exploring this place.
 F = Levels seen in this place.
 G = Mean time per level.
                   A        B        C        D        E       F      G
               +--------+--------+--------+--------+--------+-----+--------+
         Total |  12939 |  11907 |   1032 |   1640 |   7441 |  13 |  995.3 |
       Dungeon |  12765 |  11762 |   1003 |   1640 |   7339 |  12 | 1063.8 |
        Temple |    173 |    144 |     29 |      0 |    102 |   1 |  173.0 |
               +--------+--------+--------+--------+--------+-----+--------+

Top non-repeatable levels by time:
     D:3: 1786 daAuts
     D:6: 1715 daAuts
     D:2: 1479 daAuts
     D:9: 1365 daAuts
     D:4: 1272 daAuts
     D:8: 1253 daAuts
     D:1: 1106 daAuts
     D:5: 1069 daAuts
     D:7: 940 daAuts
    D:12: 695 daAuts
  Temple: 173 daAuts
    D:10: 70 daAuts
    D:11: 8 daAuts
